 Dungeon Crawl Stone Soup version 0.17-a0-2127-g1cb09f6 (webtiles) character file.

51 radek the Conjurer (level 3, -6/19 HPs)
             Began as a Deep Elf Conjurer on Oct 23, 2015.
             Mangled by fredomojojo's ghost (7 damage)
             ... on level 3 of the Dungeon.
             The game lasted 00:08:21 (1727 turns).

radek the Conjurer (Deep Elf Conjurer)              Turns: 1727, Time: 00:08:22

Health: -6/19      AC:  2    Str:  6    XL:     3   Next: 57%
Magic:  3/9        EV: 13    Int: 19    God:
Gold:   93         SH:  0    Dex: 15    Spells: 1 memorised, 7 levels left

rFire  . . .     SeeInvis .     p - +1 dagger (drain)
rCold  . . .     Clarity  .     a - +0 robe
rNeg   . . .     SustAt   .     (no shield)
rPois  .         Gourm    .     (no helmet)
rElec  .         Spirit   .     (no cloak)
rCorr  .         Warding  .     (no gloves)
rMut   .         Stasis   .     (no boots)
MR     .....                    (no amulet)
Stlth  ++........               (no ring)
                                (no ring)

@: not resistant to hostile enchantments, unstealthy
A: no striking features
a: no special abilities


You were on level 3 of the Dungeon.
You were not hungry.

You visited 1 branch of the dungeon, and saw 3 of its levels.

You collected 93 gold pieces.

Inventory:

Hand Weapons
 p - a +1 dagger of draining (weapon)
Armour
 a - a +0 robe (worn)
Scrolls
 e - 3 scrolls of identify {unknown}
 g - 2 scrolls of recharging {unknown}
 h - 2 scrolls of remove curse {unknown}
 r - a scroll of blinking {unknown}
Potions
 d - a potion of mutation {unknown}
 f - a potion of heal wounds {unknown}
 i - 2 potions of cure mutation {unknown}
 k - a potion of degeneration {unknown}
 m - a potion of cancellation {unknown}
Books
 b - a book of Conjurations

   Spells                             Type                      Level
   a - Magic Dart                     Conjuration                  1
   b - Searing Ray                    Conjuration                  2
   c - Dazzling Spray                 Conjuration/Hexes            3
   d - Fulminant Prism                Conjuration/Hexes            4
   e - Iskenderun's Mystic Blast      Conjuration                  4
   f - Iskenderun's Battlesphere      Conjuration/Charms           5
 o - a book of Alchemy

   Spells                             Type                      Level
   a - Sublimation of Blood           Necromancy                   2
   b - Ignite Poison                  Fire/Transmutation/Poison    3
   c - Alistair's Intoxication        Transmutation/Poison         4
   d - Condensation Shield            Ice                          4
   e - Petrify                        Transmutation/Earth          4
   f - Irradiate                      Conjuration/Transmutation    5
Comestibles
 c - 2 bread rations
 j - a meat ration


   Skills:
 - Level 2.4 Dodging
 - Level 2.4 Stealth
 - Level 3.0 Spellcasting
 + Level 5.9 Conjurations


You had 7 spell levels left.
You knew the following spells:

 Your Spells              Type           Power        Failure   Level  Hunger
a - Magic Dart            Conj           ####         1%          1    None


Dungeon Overview and Level Annotations

Branches:
Dungeon (3/15)

Altars:
Fedhas

Annotations:
D:3 fredomojojo's ghost, amateur DrMo


Message History

Fredomojojo's ghost hits you.
Casting: Magic Dart
Confirm with . or Enter, or press ? or * to list all spells.
Aiming: Magic Dart
Press: ? - help, Shift-Dir - straight line, f/p - fredomojojo's ghost
Aim: fredomojojo's ghost (lightly damaged)
The magic dart hits fredomojojo's ghost.
Fredomojojo's ghost is moderately damaged.
Fredomojojo's ghost hits you.
* * * LOW HITPOINT WARNING * * *
Read which item? (? for menu, Esc to quit)
As you read the scroll labeled APRUIMMOUTOU, it crumbles to dust.
The creatures around you are filled with an inner flame!
It was a scroll of immolation.
Fredomojojo's ghost hits you.
* * * LOW HITPOINT WARNING * * *
Read which item? (? for menu, Esc to quit)
As you read the scroll labeled EMAMIA KYINTEMM, it crumbles to dust.
The dust glows brilliant viridian!
It was a scroll of random uselessness.
Fredomojojo's ghost hits you!
You die...

#+# #.# #.# ##.## #
##...## ...
#########<....#..###
.......@W...†......#
###########.###.##..
#.# #.# #.# #.# #.#
#.#


You could see fredomojojo's ghost (inner flame).

Vanquished Creatures
  2 adders (D:2)
  2 worms (D:2)
  A giant gecko (D:1)
  3 bats
  4 hobgoblins
  A quokka (D:2)
  A giant newt (D:2)
  6 goblins
  4 kobolds
  5 rats
29 creatures vanquished.

Notes
Turn   | Place    | Note
--------------------------------------------------------------
     0 | D:1      | radek the Deep Elf Conjurer began the quest for the Orb.
     0 | D:1      | Reached XP level 1. HP: 10/10 MP: 6/6
   257 | D:1      | Reached XP level 2. HP: 15/15 MP: 5/8
   597 | D:1      | Reached skill level 5 in Conjurations
   968 | D:2      | Found a blossoming altar of Fedhas.
   994 | D:2      | Reached XP level 3. HP: 19/19 MP: 2/9
  1714 | D:3      | Noticed fredomojojo's ghost (amateur DrMo)
  1727 | D:3      | Mangled by fredomojojo's ghost

Vault maps used:
D:1:      dpeg_arrival_court, st_stairs_7, minmay_misc_feat_chi,
          grunt_decor_cap, serial_bayou_pond_c
D:2:      lemuel_upstairs_altar, minmay_door_square, fedhas_altar_3
D:3:      uniq_robin

Action                   || total
-------------------------++-------
 Cast: Magic Dart        ||    67
  Use: Scroll            ||     2
  Eat: Chunk             ||     2
